AoeStats
← chrispratt99999

Arabia

510629848Analyzed
1v1 RM · 2d ago on Oct 1, 2026· 32m 4s· 2 players
Game mode
Random Map
Map size
Tiny (2 player)
Population
200
Speed
Normal
Resources
Standard
Victory
Conquest
Starting age
Dark Age
Ending age
Imperial Age
RankedLock teamsTeams togetherTeam positionsShared explorationLock speedFull tech treeHidden civsTurbo modeCheats
Victory
Defeat
🇨🇴 Mongols · Colombia
995
+16
🇦🇷 Burgundians · Argentina
1000
-48
Oficial Durruti.
6:28 Loom
9:37 Feudal Age
10:32 Double-Bit Axe
15:32 Bloodlines
15:13 Horse Collar
20:04 Castle Age
18:15 Gold Mining
18:50 Fletching
19:00 Padded Archer Armor
21:50 Scale Barding Armor
22:10 Forging
23:02 Bow Saw
23:55 Bodkin Arrow
25:24 Wheelbarrow
27:37 Leather Archer Armor
chrispratt99999
11:16 Loom
13:02 Feudal Age
17:54 Double-Bit Axe
20:37 Castle Age
19:15 Bow Saw
18:46 Horse Collar
20:01 Heavy Plow
23:35 Wheelbarrow
25:00 Pikeman
Connection lost

Rejoining the realm…

Still unreachable

The connection could not be restored.

Session expired

The server has moved on; the page needs a fresh start.